AoeStats
← jackY

Pilgrims

509360412Analyzed
4v4 RM · 7d ago on Sep 26, 2026· 37m 32s· 8 players
Game mode
Random Map
Map size
Large (8 player)
Population
200
Speed
Normal
Resources
Standard
Victory
Conquest
Starting age
Dark Age
Ending age
Imperial Age
RankedLock teamsTeams togetherTeam positionsShared explorationLock speedFull tech treeHidden civsTurbo modeCheats
Victory
Defeat
🇨🇳 Wu · China
1368
+8
🇨🇳 Vietnamese · China
1184
+15
🇨🇳 Chinese · China
1145
+17
🇨🇳 Saracens · China
1014
+22
🇩🇪 Turks · Germany
1183
-16
🇸🇪 Mongols · Sweden
1172
-16
🇨🇿 Ethiopians · Czechia
1156
-15
🇫🇷 Italians · France
1144
-15
KissMyAxe
8:55 Feudal Age
8:59 Loom
9:38 Double-Bit Axe
13:27 Fletching
17:36 Loom
20:07 Castle Age
21:02 Bodkin Arrow
21:20 Medium Warships
21:36 Bow Saw
21:09 Horse Collar
24:02 Wheelbarrow
26:20 Fishing Lines
27:30 Hand Cart
27:18 Padded Archer Armor
27:39 Thumb Ring
26:58 Crossbowman
32:20 Leather Archer Armor
35:11 Imperial Age
38:18 Imperial Age
Sirto
5:04 Loom
12:13 Feudal Age
13:42 Wheelbarrow
14:04 Town Watch
14:23 Fishing Lines
15:25 Fletching
15:25 Double-Bit Axe
20:00 Castle Age
20:55 Medium Warships
20:36 Gillnets
23:04 Hand Cart
24:22 Bodkin Arrow
26:49 Padded Archer Armor
30:53 Leather Archer Armor
33:28 Imperial Age
31:36 Thumb Ring
33:08 Horse Collar
33:39 Bow Saw
33:32 Gold Mining
34:27 Ballistics
35:33 Parthian Tactics
DESTINNI
3:56 Loom
13:49 Feudal Age
15:12 Double-Bit Axe
16:38 Fletching
19:28 Castle Age
19:01 Horse Collar
19:26 Town Watch
19:50 Padded Archer Armor
19:33 Crossbowman
22:41 Bodkin Arrow
[RbF] Stickly
3:06 Loom
11:45 Feudal Age
16:33 Castle Age
15:18 Wheelbarrow
14:58 Double-Bit Axe
14:57 Fishing Lines
16:09 Fletching
23:49 Imperial Age
22:05 Bodkin Arrow
25:15 Ballistics
27:18 Bracer
27:19 Padded Archer Armor
29:31 Hand Cart
SimonGood
11:40 Feudal Age
12:38 Double-Bit Axe
12:40 Fishing Lines
16:01 Castle Age
15:18 Gold Mining
16:21 Loom
17:56 Fletching
18:38 Bow Saw
18:41 Bodkin Arrow
21:13 Ballistics
22:04 Horse Collar
24:57 Wheelbarrow
26:27 Padded Archer Armor
28:23 Leather Archer Armor
29:21 Red Cliffs Tactics
31:00 Elite Skirmisher
35:14 Treadmill Crane
39:53 Imperial Age
jackY
5:23 Loom
12:47 Feudal Age
16:43 Castle Age
20:34 Double-Bit Axe
20:31 Horse Collar
25:15 Imperial Age
24:19 Bow Saw
28:30 Wheelbarrow
29:27 Padded Archer Armor
38:07 Husbandry
qiufen40
11:55 Loom
14:49 Feudal Age
20:10 Castle Age
18:54 Double-Bit Axe
18:52 Horse Collar
22:32 Gold Mining
22:43 Heavy Plow
22:56 Bow Saw
26:45 Wheelbarrow
31:49 Imperial Age
30:25 Hand Cart
29:55 Town Watch
30:36 Scale Mail Armor
30:28 Fletching
30:38 Padded Archer Armor
31:48 Bodkin Arrow
32:08 Leather Archer Armor
32:52 Bracer
33:03 Elite Rattan Archer
35:41 Ring Archer Armor
36:15 Chemistry
35:36 Ballistics
36:40 Two-Man Saw
36:06 Stone Mining
大清第一巴图鲁
3:59 Loom
12:30 Feudal Age
19:00 Castle Age
17:34 Stone Mining
18:32 Double-Bit Axe
18:55 Fletching
20:53 Bow Saw
20:51 Bodkin Arrow
21:24 Gold Mining
22:25 Padded Archer Armor
25:25 Gold Shaft Mining
31:25 Wheelbarrow
31:37 Ballistics
35:14 Imperial Age
32:34 Town Watch
33:15 Hand Cart
35:51 Horse Collar
Connection lost

Rejoining the realm…

Still unreachable

The connection could not be restored.

Session expired

The server has moved on; the page needs a fresh start.